[Event "1st SOA-GM Festival 2024"]
[Site "Bhubaneswar"]
[Date "2024.02.01"]
[Round "5.12"]
[White "Sammed Jaykumar, Shete"]
[Black "John Veny Akkarakaran"]
[Result "1/2-1/2"]
[WhiteElo "2441"]
[BlackElo "2112"]
[PlyCount "106"]
[EventDate "2024.02.01"]
[EventType "swiss"]
[EventCountry "IND"]
[TimeControl "5400+30"]

1. e4 e6 2. d4 d5 3. e5 c5 4. c3 Nc6 5. Nf3 Nge7 6. Na3 cxd4 7. cxd4 Nf5 8. Nc2 Bd7 9. Bd3 Qb6 10. O-O a5 11. Bxf5 exf5 12. h4 h6 13. Re1 Be7 14. a3 Be6 15. Bd2 O-O 16. Rb1 a4 17. Bf4 Na5 18. Bd2 Nb3 19. Bb4 Bxb4 20. Nxb4 Rfc8 21. Qd3 f4 22. Rbd1 Rc4 23. Kh2 Qd8 24. g3 fxg3+ 25. fxg3 Rac8 26. Rf1 Qd7 27. Qe3 Bf5 28. Rf2 Be4 29. Qf4 Rc1 30. Rxc1 Rxc1 31. g4 Rd1 32. Kg3 Nxd4 33. Nxd4 Rxd4 34. Rd2 Rxd2 35. Qxd2 d4 36. Kf4 Bh7 37. Qg2 d3 38. Ke3 f6 39. Qd5+ Qxd5 40. Nxd5 fxe5 41. Nb6 Kf7 42. Nxa4 e4 43. Nc5 b5 44. Nb3 Ke6 45. Nd4+ Kd5 46. Nxb5 Kc4 47. a4 Kb4 48. Nc3 h5 49. gxh5 Bf5 50. Kd2 Bh7 51. Ke3 Bf5 52. Kd2 Bh7 53. Ke3 Bf5 1/2-1/2

[Event "1st SOA-GM Festival 2024"]
[Site "Bhubaneswar"]
[Date "2024.02.01"]
[Round "5.13"]
[White "Sidhant, Mohapatra"]
[Black "Vrashank Chouhan"]
[Result "1/2-1/2"]
[WhiteElo "2421"]
[BlackElo "2046"]
[PlyCount "102"]
[EventDate "2024.02.01"]
[EventType "swiss"]
[EventCountry "IND"]
[TimeControl "5400+30"]

1. d4 d5 2. Nf3 Nf6 3. c4 c6 4. e3 Bf5 5. Bd3 Bg6 6. Nc3 e6 7. O-O Nbd7 8. Qe2 Ne4 9. Nd2 Ndf6 10. f3 Nxc3 11. bxc3 Be7 12. e4 O-O 13. Nb3 Rc8 14. Bg5 Nd7 15. Be3 c5 16. cxd5 exd5 17. Nd2 Qa5 18. Bb5 Rfd8 19. exd5 c4 20. Bxc4 Nb6 21. Bb3 Rxc3 22. Ne4 Rcc8 23. Bd2 Nd7 24. Be3 Nb6 25. Bd2 Bb4 26. Rfc1 Nxd5 27. Rxc8 Rxc8 28. Rc1 Rxc1+ 29. Bxc1 Nb6 30. Ng5 Kf8 31. h4 Bc3 32. Qe3 h6 33. Nh3 Qb4 34. Ba3 Qxa3 35. Qxc3 Qd6 36. Nf2 Qc6 37. Qb4+ Kg8 38. Qe1 Nd5 39. Ng4 Bf5 40. Ne5 Qb6 41. Qf2 Be6 42. Nd3 Nc3 43. Nc5 Bxb3 44. axb3 Qb4 45. Kh2 b6 46. Ne4 Nxe4 47. fxe4 Qxb3 48. d5 Qc3 49. Qf4 f6 50. Qb8+ Kh7 51. Qe8 Qe1 1/2-1/2

[Event "1st SOA-GM Festival 2024"]
[Site "Bhubaneswar"]
[Date "2024.02.01"]
[Round "5.14"]
[White "Namitbir Singh Walia"]
[Black "Barath Kalyan M"]
[Result "1/2-1/2"]
[WhiteElo "2408"]
[BlackElo "2040"]
[PlyCount "61"]
[EventDate "2024.02.01"]
[EventType "swiss"]
[EventCountry "IND"]
[TimeControl "5400+30"]

1. e4 d6 2. d4 Nf6 3. Nc3 e5 4. Nf3 Nbd7 5. Bc4 Be7 6. O-O h6 7. a4 c6 8. a5 O-O 9. Re1 Re8 10. h3 Bf8 11. d5 cxd5 12. Nxd5 Nxd5 13. Qxd5 Qe7 14. b3 Nf6 15. Qd3 Qc7 16. Bb2 Be6 17. Bxe6 fxe6 18. c4 Nh5 19. Red1 Nf4 20. Qe3 Rec8 21. g3 Ng6 22. Kg2 Be7 23. h4 Nh8 24. Ne1 Nf7 25. Nd3 Bf6 26. Qe2 Qe7 27. Qg4 Re8 28. Ba3 Qc7 29. Bb2 Qe7 30. Rd2 Rad8 31. Ne1 1/2-1/2

[Event "1st SOA-GM Festival 2024"]
[Site "Bhubaneswar"]
[Date "2024.02.01"]
[Round "5.15"]
[White "Liyanage, Ranindu Dilshan"]
[Black "Abhay Bandewar"]
[Result "1/2-1/2"]
[WhiteElo "2366"]
[BlackElo "2025"]
[PlyCount "160"]
[EventDate "2024.02.01"]
[EventType "swiss"]
[EventCountry "IND"]
[TimeControl "5400+30"]

1. Nf3 c5 2. c4 Nc6 3. Nc3 g6 4. e3 Nf6 5. d4 cxd4 6. exd4 d5 7. cxd5 Nxd5 8. Qb3 e6 9. Bb5 Bg7 10. O-O O-O 11. Bxc6 bxc6 12. Na4 Ba6 13. Re1 Rb8 14. Qa3 Nb4 15. Nc5 Bc4 16. Bg5 Qd5 17. b3 Nc2 18. bxc4 Qxg5 19. Nxg5 Nxa3 20. Nd7 Nc2 21. Nxb8 Nxe1 22. Nxc6 Nc2 23. Rb1 Nxd4 24. Nxa7 Ne2+ 25. Kf1 Nc3 26. Rb7 Bd4 27. Nb5 Nxb5 28. cxb5 Ra8 29. Rxf7 Rxa2 30. Rf3 Rb2 31. Nxe6 Bg7 32. Ra3 Rxb5 33. Ra8+ Kf7 34. Nd8+ Kg8 35. Nb7+ Bf8 36. Nd6 Rb2 37. Ne4 Rb7 38. Ng5 Re7 39. f3 h6 40. Ne4 Kg7 41. Kf2 Rb7 42. g4 Bb4 43. h4 Be7 44. Kg3 Bb4 45. Ra1 Rd7 46. Kh3 Rf7 47. Kg2 Be7 48. Rh1 Bd8 49. h5 Bg5 50. hxg6 Kxg6 51. Ra1 Bf4 52. Ra6+ Kg7 53. Kh3 Rc7 54. Nf6 Rf7 55. Ne4 Rc7 56. Nf6 Rf7 57. Nh5+ Kh7 58. Ra4 Be5 59. f4 Bg7 60. f5 Bc3 61. Kg3 Bd2 62. Kf3 Bg5 63. Ke4 Re7+ 64. Kd5 Kg8 65. Ra8+ Kf7 66. Rh8 Rd7+ 67. Ke5 Re7+ 68. Kd5 Rd7+ 69. Ke4 Re7+ 70. Kd4 Rd7+ 71. Ke4 Re7+ 72. Kf3 Re3+ 73. Kf2 Re4 74. Rh7+ Kf8 75. Rh8+ Kf7 76. Rh7+ Kf8 77. Kg3 Re3+ 78. Kg2 Re4 79. Rb7 Rxg4+ 80. Kf3 Rh4 1/2-1/2

[Event "1st SOA-GM Festival 2024"]
[Site "Bhubaneswar"]
[Date "2024.02.01"]
[Round "5.16"]
[White "Shahil Dey"]
[Black "Singgih, Diajeng Theresa"]
[Result "1-0"]
[WhiteElo "2363"]
[BlackElo "1867"]
[PlyCount "79"]
[EventDate "2024.02.01"]
[EventType "swiss"]
[EventCountry "IND"]
[TimeControl "5400+30"]

1. Nf3 d5 2. c4 e6 3. g3 Nf6 4. Bg2 Be7 5. O-O O-O 6. d4 dxc4 7. Qc2 c6 8. Qxc4 b5 9. Qc2 Bb7 10. Nc3 Nbd7 11. a3 Rc8 12. Rd1 Qb6 13. b4 a5 14. Rb1 axb4 15. axb4 Nd5 16. Na2 Ra8 17. Bg5 f6 18. Bd2 Ra3 19. Nc1 Qa7 20. Nd3 N7b6 21. e4 Nc7 22. Bf4 Na6 23. Bh3 f5 24. Nfe5 g5 25. Bc1 Ra4 26. Nxc6 Bxc6 27. Qxc6 g4 28. Qxe6+ Kh8 29. Bg2 Rf6 30. Qe5 Kg8 31. exf5 Qd7 32. Bg5 Rf7 33. Bxe7 Rxe7 34. Qf4 Nc4 35. Ne5 Qd6 36. f6 Rc7 37. Qg5+ Kh8 38. f7 Rc8 39. Bd5 h6 40. Qg8+ 1-0

[Event "1st SOA-GM Festival 2024"]
[Site "Bhubaneswar"]
[Date "2024.02.01"]
[Round "5.17"]
[White "Roy Chowdhury, Saptarshi"]
[Black "Sharnarthi Viresh"]
[Result "1-0"]
[WhiteElo "2233"]
[BlackElo "1926"]
[PlyCount "115"]
[EventDate "2024.02.01"]
[EventType "swiss"]
[EventCountry "IND"]
[TimeControl "5400+30"]

1. e4 c5 2. Nf3 d6 3. Bc4 Nc6 4. d3 Nf6 5. h3 g6 6. O-O Bg7 7. c3 O-O 8. Bb3 b5 9. Re1 a5 10. Be3 a4 11. Bc2 Nd7 12. a3 Bb7 13. Nbd2 Nb6 14. Qc1 Qc7 15. Nf1 Rfd8 16. Bh6 Bh8 17. Ng3 b4 18. Ng5 bxc3 19. bxc3 Bxc3 20. Qf4 e6 21. Rab1 Ra6 22. e5 Qe7 23. exd6 Rxd6 24. N3e4 Be5 25. Qh4 Rd5 26. f4 Bd4+ 27. Kh1 Bc8 28. g4 f5 29. gxf5 Rxf5 30. Ng3 Rf7 31. Qg4 e5 32. f5 Bxf5 33. Nxf5 Rxf5 34. Qg2 Qd6 35. Ne4 Qd8 36. Rf1 Ne7 37. Bg5 Qc7 38. Bxe7 Rxf1+ 39. Rxf1 Qxe7 40. Bb1 Ra7 41. Ba2+ Kg7 42. Rf7+ Qxf7 43. Bxf7 Kxf7 44. Qf1+ Ke8 45. Qf6 Nc8 46. Qc6+ Kd8 47. Ng5 Rd7 48. Ne6+ Ke7 49. Nxd4 cxd4 50. Qxc8 e4 51. Qc5+ Rd6 52. Qe5+ Re6 53. Qc7+ Kf6 54. Qf4+ Kg7 55. dxe4 d3 56. e5 Rb6 57. Qd4 Re6 58. Qd7+ 1-0

[Event "1st SOA-GM Festival 2024"]
[Site "Bhubaneswar"]
[Date "2024.02.01"]
[Round "5.18"]
[White "Vaibhav Jayant Raut"]
[Black "Dere Pushkar"]
[Result "0-1"]
[WhiteElo "2052"]
[BlackElo "2191"]
[PlyCount "62"]
[EventDate "2024.02.01"]
[EventType "swiss"]
[EventCountry "IND"]
[TimeControl "5400+30"]

1. c4 c6 2. Nf3 d5 3. e3 Nf6 4. b3 Bf5 5. Bb2 h6 6. Nc3 e6 7. Be2 Bd6 8. d4 Nbd7 9. O-O Ne4 10. Bd3 Bh7 11. Qc2 f5 12. Ne2 Qf6 13. Ne1 O-O 14. f3 Qe7 15. Qd1 g5 16. fxe4 fxe4 17. Rxf8+ Rxf8 18. Bc2 Qf7 19. Kh1 Qh5 20. h3 Qh4 21. Nd3 exd3 22. Bxd3 g4 23. Bxh7+ Kxh7 24. Qd3+ Kh8 25. Nf4 Bxf4 26. exf4 Nf6 27. Ba3 Ne4 28. Rf1 Ng3+ 29. Kg1 gxh3 30. gxh3 Rg8 31. Rf2 Ne4+ 0-1

[Event "1st SOA-GM Festival 2024"]
[Site "Bhubaneswar"]
[Date "2024.02.01"]
[Round "5.19"]
[White "Patil Priyanshu"]
[Black "Aakash Sharadchandra, Dalvi"]
[Result "1/2-1/2"]
[WhiteElo "2022"]
[BlackElo "2180"]
[PlyCount "73"]
[EventDate "2024.02.01"]
[EventType "swiss"]
[EventCountry "IND"]
[TimeControl "5400+30"]

1. e4 c5 2. Nf3 d6 3. d4 cxd4 4. Nxd4 Nf6 5. Nc3 a6 6. f3 e5 7. Nb3 h5 8. Be3 Be6 9. Qd2 Nbd7 10. Nd5 Bxd5 11. exd5 g6 12. O-O-O Bg7 13. Kb1 Qc7 14. c4 b6 15. Na1 O-O 16. Nc2 a5 17. Na3 Nc5 18. Nb5 Qd7 19. h3 Ne8 20. g4 h4 21. Qf2 Nc7 22. Qxh4 Nxb5 23. cxb5 Rac8 24. Qg5 e4 25. f4 Nd3 26. Rxd3 exd3 27. Bxd3 Rfe8 28. f5 Bf6 29. Qxf6 Rxe3 30. fxg6 Rxd3 31. Rf1 Rxh3 32. gxf7+ Kf8 33. g5 Qc7 34. a3 Qc2+ 35. Ka1 Qc5 36. g6 Rxa3+ 37. bxa3 1/2-1/2

[Event "1st SOA-GM Festival 2024"]
[Site "Bhubaneswar"]
[Date "2024.02.01"]
[Round "5.20"]
[White "Pattnayak Nilsu"]
[Black "Nithin Babu"]
[Result "0-1"]
[WhiteElo "1987"]
[BlackElo "2177"]
[PlyCount "104"]
[EventDate "2024.02.01"]
[EventType "swiss"]
[EventCountry "IND"]
[TimeControl "5400+30"]

1. e4 e5 2. Nf3 Nc6 3. Bb5 a6 4. Ba4 Nf6 5. O-O d6 6. Re1 Bd7 7. c3 g6 8. d4 Bg7 9. dxe5 Nxe5 10. Nxe5 dxe5 11. Bxd7+ Qxd7 12. Qxd7+ Nxd7 13. Be3 O-O-O 14. Nd2 f5 15. f3 Nb6 16. b3 f4 17. Bxb6 Rxd2 18. Bf2 Rhd8 19. Rec1 Bf8 20. b4 a5 21. a3 Be7 22. Be1 R2d3 23. Kf1 g5 24. Ke2 g4 25. fxg4 Re3+ 26. Kf2 Rxe4 27. Rd1 Bd6 28. Rd5 b6 29. Rad1 a4 30. R5d3 Rc4 31. Kf1 Rg8 32. Rh3 Rg7 33. Rh5 Kb7 34. h3 Kc6 35. Ke2 Re4+ 36. Kd3 Re3+ 37. Kd2 Rd7 38. Kc1 Re2 39. c4 Rxg2 40. Rxe5 Bxe5 41. b5+ Kc5 42. Rxd7 Kxc4 43. Kd1 Bd6 44. Rxh7 Kd3 45. Bh4 Rg1+ 46. Be1 Bxa3 47. Rxc7 Bb4 48. Rd7+ Kc4 49. Rf7 Rxe1+ 50. Kc2 Re2+ 51. Kd1 Re4 52. g5 Kb3 0-1

[Event "1st SOA-GM Festival 2024"]
[Site "Bhubaneswar"]
[Date "2024.02.01"]
[Round "6.1"]
[White "Vignesh Advaith Vemula"]
[Black "Goutham Krishna H"]
[Result "1-0"]
[WhiteElo "2028"]
[BlackElo "2288"]
[PlyCount "83"]
[EventDate "2024.02.01"]
[EventType "swiss"]
[EventCountry "IND"]
[TimeControl "5400+30"]

1. e4 c5 2. Nf3 d6 3. d4 cxd4 4. Nxd4 Nf6 5. Nc3 a6 6. f3 e6 7. Be3 b5 8. a3 h5 9. Qd2 Nbd7 10. O-O-O Bb7 11. Kb1 Be7 12. Rg1 Rc8 13. Be2 Nb6 14. Bg5 Rc5 15. h4 O-O 16. Rde1 Nbd7 17. Nd1 d5 18. exd5 Rxd5 19. Nc3 Rd6 20. Qe3 Nb6 21. Rd1 Nfd5 22. Nxd5 Nxd5 23. Qc1 Bxg5 24. hxg5 b4 25. axb4 Nxb4 26. c3 Qb6 27. g6 fxg6 28. Bc4 Rc8 29. Bb3 Bd5 30. c4 Nc6 31. cxd5 Nxd4 32. Qxc8+ Rd8 33. Qc3 Nxb3 34. Rge1 Nc5 35. dxe6 Rxd1+ 36. Rxd1 Nxe6 37. Qe5 Nc5 38. Qe8+ Kh7 39. Rd8 Kh6 40. f4 g5 41. fxg5+ Kxg5 42. Rd5+ 1-0

[Event "1st SOA-GM Festival 2024"]
[Site "Bhubaneswar"]
[Date "2024.02.01"]
[Round "6.2"]
[White "Ghosh, Diptayan"]
[Black "Audi Ameya"]
[Result "1/2-1/2"]
[WhiteElo "2568"]
[BlackElo "2385"]
[PlyCount "124"]
[EventDate "2024.02.01"]
[EventType "swiss"]
[EventCountry "IND"]
[TimeControl "5400+30"]

1. d4 Nf6 2. Nf3 g6 3. Nbd2 d5 4. b3 Bg7 5. Bb2 c5 6. dxc5 Qa5 7. a3 Qxc5 8. e3 O-O 9. c4 b6 10. Rc1 Nbd7 11. b4 Qd6 12. cxd5 Qxd5 13. Bc4 Qh5 14. Be2 Bb7 15. Rc7 Rab8 16. O-O Rfd8 17. Ne5 Qg5 18. Ndf3 Qf5 19. Nh4 Qe4 20. Nxd7 Nxd7 21. Bxg7 Nf6 22. Qa4 Kxg7 23. Qxa7 Nd5 24. Rc4 Qe6 25. Nf3 Qd7 26. Ne5 Qd6 27. Nf3 Bc6 28. Nd4 Be8 29. Bf3 e5 30. Rd1 Ra8 31. Qb7 exd4 32. Rdxd4 Rxa3 33. Rc1 Qe5 34. h3 Rxe3 35. Rxd5 Rxd5 36. Qxd5 Re1+ 37. Rxe1 Qxe1+ 38. Kh2 Qxb4 39. Qe5+ Kf8 40. Qh8+ Ke7 41. Qe5+ Kf8 42. Qh8+ Ke7 43. Qe5+ Kd7 44. Bc6+ Kxc6 45. Qxe8+ Kc5 46. Qe7+ Kc4 47. Qxf7+ Kc3 48. Qxh7 Qd6+ 49. Kg1 b5 50. Qh8+ Kc2 51. Qc8+ Kd2 52. h4 b4 53. Qc4 Qb6 54. Qa2+ Kc3 55. Qa1+ Kc4 56. Qc1+ Kb5 57. Qf1+ Kc5 58. Qc1+ Kd5 59. Qg5+ Kc4 60. Qc1+ Kb5 61. Qf1+ Ka4 62. Qa1+ Kb5 1/2-1/2

[Event "1st SOA-GM Festival 2024"]
[Site "Bhubaneswar"]
[Date "2024.02.01"]
[Round "6.3"]
[White "Das, Sayantan"]
[Black "Ayush Sharma"]
[Result "1/2-1/2"]
[WhiteElo "2514"]
[BlackElo "2378"]
[PlyCount "117"]
[EventDate "2024.02.01"]
[EventType "swiss"]
[EventCountry "IND"]
[TimeControl "5400+30"]

1. d4 Nf6 2. Bf4 c5 3. e3 Qb6 4. Nc3 e6 5. Rb1 Nc6 6. Nb5 Nd5 7. Bd6 a6 8. dxc5 Qa5+ 9. Nc3 Nxc3 10. bxc3 Qxc3+ 11. Qd2 Qxd2+ 12. Kxd2 b5 13. a3 Bxd6 14. cxd6 h5 15. c4 bxc4 16. Bxc4 Rh6 17. Nf3 e5 18. e4 Rxd6+ 19. Ke3 f6 20. Bd5 a5 21. Nh4 Rxd5 22. exd5 Nd4 23. Rhc1 Ba6 24. Rc5 a4 25. Rb6 Bf1 26. f4 Nb3 27. Rc7 exf4+ 28. Kf2 Bd3 29. Nf3 Be4 30. d6 Bc6 31. Nh4 Nd4 32. Ng6 Nf5 33. Nxf4 Nxd6 34. Nxh5 Kd8 35. Rbxc6 dxc6 36. Rxg7 Ra5 37. Nf4 Ke8 38. g4 Rg5 39. Rxg5 fxg5 40. Ne6 Nb5 41. Nc5 Nxa3 42. Nxa4 Nc4 43. Nc5 Ne5 44. h3 Kf7 45. Ne4 Kg6 46. Ke3 Nd7 47. Kd4 Nf6 48. Nf2 Nd7 49. Kc4 Kf6 50. Kd4 Kg6 51. Nd1 Kf6 52. Nc3 Kg6 53. Ne2 Kf6 54. Ke4 Nc5+ 55. Ke3 Ne6 56. Ke4 Nc5+ 57. Kd4 Ne6+ 58. Ke4 Nc5+ 59. Kd4 1/2-1/2

[Event "1st SOA-GM Festival 2024"]
[Site "Bhubaneswar"]
[Date "2024.02.01"]
[Round "6.4"]
[White "Nguyen Van Huy"]
[Black "Tahbaz, Arash"]
[Result "0-1"]
[WhiteElo "2364"]
[BlackElo "2425"]
[PlyCount "120"]
[EventDate "2024.02.01"]
[EventType "swiss"]
[EventCountry "IND"]
[TimeControl "5400+30"]

1. d4 Nf6 2. c4 e6 3. Nf3 d5 4. g3 Be7 5. Bg2 O-O 6. O-O dxc4 7. Qc2 b6 8. Bg5 Nd5 9. Bxe7 Qxe7 10. Nbd2 b5 11. b3 c3 12. Nb1 b4 13. a3 Nc6 14. Re1 Bb7 15. axb4 Ncxb4 16. Qc1 c5 17. Nxc3 Nxc3 18. Qxc3 Bxf3 19. Bxf3 cxd4 20. Qd2 Rab8 21. Ra4 Rfd8 22. Be4 g6 23. Rc1 e5 24. Rc4 Nd5 25. Bxd5 Rxd5 26. Qc2 Rb7 27. Rc8+ Kg7 28. Rac4 Rdd7 29. h4 h5 30. R4c5 e4 31. Rc4 e3 32. Qd3 exf2+ 33. Kxf2 Rb6 34. R8c6 Rxc6 35. Rxc6 Qe5 36. Rc4 Rd6 37. Ke1 Qa5+ 38. Kd1 Qe5 39. Ra4 Rf6 40. Rxd4 Rf1+ 41. Kc2 Rg1 42. Rf4 Qa1 43. Qd4+ Qxd4 44. Rxd4 Rxg3 45. Ra4 Rg4 46. Rxa7 Rxh4 47. Ra1 g5 48. Rb1 Kf6 49. b4 Ke6 50. b5 Kd7 51. Kd3 f5 52. b6 Kc8 53. e3 Rg4 54. Ke2 h4 55. b7+ Kb8 56. Rb6 h3 57. Kf3 Rg2 58. Rh6 g4+ 59. Kf4 h2 60. Kxf5 g3 0-1

[Event "1st SOA-GM Festival 2024"]
[Site "Bhubaneswar"]
[Date "2024.02.01"]
[Round "6.5"]
[White "Soham Kamotra"]
[Black "Ritviz, Parab"]
[Result "1-0"]
[WhiteElo "2348"]
[BlackElo "2391"]
[PlyCount "113"]
[EventDate "2024.02.01"]
[EventType "swiss"]
[EventCountry "IND"]
[TimeControl "5400+30"]

1. c4 Nf6 2. g3 e6 3. Bg2 d5 4. Nf3 Be7 5. O-O O-O 6. b3 b6 7. d4 c6 8. Bb2 Ba6 9. Nbd2 Nbd7 10. Ne5 Rc8 11. Re1 Nxe5 12. dxe5 Nd7 13. Rc1 b5 14. cxd5 cxd5 15. Rxc8 Qxc8 16. e4 d4 17. Bxd4 Bb4 18. Re3 Rd8 19. Nf3 Bb7 20. Qe2 Qc1+ 21. Bf1 Nc5 22. Bb2 Qb1 23. a3 Ba5 24. b4 Na4 25. bxa5 Qxb2 26. Qxb2 Nxb2 27. Bxb5 a6 28. Be2 Na4 29. Ne1 Rc8 30. f3 Rc5 31. Rb3 Rc7 32. Kf2 Kf8 33. Rb4 Nc5 34. Rc4 Ke7 35. Ke3 Kd8 36. Rb4 Nd7 37. Nd3 Kc8 38. Kd2 Nb8 39. Rb6 Nd7 40. Rd6 Nc5 41. Nxc5 Rxc5 42. Bxa6 Bxa6 43. Rxa6 Kb7 44. Rb6+ Kc7 45. Ra6 Kb7 46. Rd6 Rxa5 47. Rd7+ Kc6 48. Rxf7 Rxa3 49. Ke2 g5 50. Rxh7 Ra2+ 51. Ke3 Ra3+ 52. Kf2 Ra2+ 53. Kg1 Kc5 54. Rd7 g4 55. fxg4 Re2 56. g5 Rxe4 57. g6 1-0

[Event "1st SOA-GM Festival 2024"]
[Site "Bhubaneswar"]
[Date "2024.02.01"]
[Round "6.6"]
[White "Savchenko, Boris"]
[Black "Dhananjay S"]
[Result "1-0"]
[WhiteElo "2489"]
[BlackElo "2151"]
[PlyCount "87"]
[EventDate "2024.02.01"]
[EventType "swiss"]
[EventCountry "IND"]
[TimeControl "5400+30"]

1. e4 c6 2. d4 d5 3. e5 c5 4. dxc5 e6 5. Qg4 Nd7 6. Nf3 Nxc5 7. Be3 f5 8. Qh5+ g6 9. Qh3 Qb6 10. Bd4 Ne7 11. Nc3 Nc6 12. Bb5 a6 13. Bxc6+ bxc6 14. Nh4 Rg8 15. Qe3 Qa5 16. O-O Nd7 17. Ne2 c5 18. Bc3 Qd8 19. Qg3 g5 20. Rad1 Qe7 21. Nf4 Bb7 22. Ba5 Qf7 23. Qb3 Rb8 24. Bc7 c4 25. Qa4 Rc8 26. Nxd5 Bxd5 27. Rxd5 exd5 28. Qxa6 Nb6 29. Bxb6 Qe6 30. Nf3 Rb8 31. Qa4+ Qd7 32. Qa5 Qc6 33. Be3 Ra8 34. Qd2 f4 35. Bd4 Qe6 36. Bc3 Bc5 37. Rd1 Rxa2 38. Qxd5 Qxd5 39. Rxd5 Ba7 40. Kf1 Ra1+ 41. Ke2 g4 42. Nd2 Rg1 43. Ne4 Rg6 44. Nf6+ 1-0

[Event "1st SOA-GM Festival 2024"]
[Site "Bhubaneswar"]
[Date "2024.02.01"]
[Round "6.7"]
[White "Neelash Saha"]
[Black "Priansh Das"]
[Result "1-0"]
[WhiteElo "2446"]
[BlackElo "1910"]
[PlyCount "93"]
[EventDate "2024.02.01"]
[EventType "swiss"]
[EventCountry "IND"]
[TimeControl "5400+30"]

1. d4 Nf6 2. c4 g6 3. Nc3 Bg7 4. e4 d6 5. h3 O-O 6. Be3 e5 7. d5 a5 8. g4 Na6 9. Nge2 c6 10. Ng3 cxd5 11. cxd5 Bd7 12. Qd2 Nc5 13. f3 Rb8 14. Bb5 Bxb5 15. Nxb5 Qb6 16. Qe2 h6 17. h4 Rfc8 18. h5 g5 19. O-O Bf8 20. Rfc1 Ne8 21. Nf5 Kh7 22. Rc2 Ng7 23. Nxg7 Kxg7 24. Rac1 a4 25. Na3 Ra8 26. Nc4 Qa7 27. Bf2 b6 28. Ne3 Qd7 29. Nf5+ Kh7 30. Be3 b5 31. Nxd6 Bxd6 32. Bxc5 Bb8 33. Bf2 Ba7 34. Rc6 Rxc6 35. Rxc6 Rc8 36. Bxa7 Rxc6 37. dxc6 Qxa7+ 38. Qf2 Qa5 39. Qc2 Qc7 40. Kf1 Kg8 41. Qc5 b4 42. Ke2 Kg7 43. Kd3 Qd8+ 44. Kc4 Qd2 45. c7 Qc2+ 46. Kb5 Qd3+ 47. Ka5 1-0

[Event "1st SOA-GM Festival 2024"]
[Site "Bhubaneswar"]
[Date "2024.02.01"]
[Round "6.8"]
[White "Panda Sambit"]
[Black "Roy Chowdhury, Saptarshi"]
[Result "1-0"]
[WhiteElo "2404"]
[BlackElo "2233"]
[PlyCount "41"]
[EventDate "2024.02.01"]
[EventType "swiss"]
[EventCountry "IND"]
[TimeControl "5400+30"]

1. d4 Nf6 2. c4 d6 3. Nf3 Bf5 4. Nc3 Nbd7 5. Nh4 Bg6 6. g3 e5 7. Bg2 c6 8. Nxg6 hxg6 9. e4 Be7 10. Be3 Qa5 11. O-O exd4 12. Bxd4 Ne5 13. f4 Nxc4 14. Qe2 Nb6 15. e5 dxe5 16. fxe5 Nfd5 17. Qg4 Rd8 18. Rxf7 Kxf7 19. e6+ Kg8 20. Qxg6 Nf6 21. Qf7+ 1-0

[Event "1st SOA-GM Festival 2024"]
[Site "Bhubaneswar"]
[Date "2024.02.01"]
[Round "6.9"]
[White "Dere Pushkar"]
[Black "Subhayan Kundu"]
[Result "0-1"]
[WhiteElo "2191"]
[BlackElo "2385"]
[PlyCount "59"]
[EventDate "2024.02.01"]
[EventType "swiss"]
[EventCountry "IND"]
[TimeControl "5400+30"]

1. e4 e5 2. Nf3 Nc6 3. Bc4 Nf6 4. Ng5 d5 5. exd5 Na5 6. Bb5+ c6 7. dxc6 bxc6 8. Bd3 Nd5 9. Nf3 Bd6 10. O-O O-O 11. Re1 f5 12. Nxe5 Qf6 13. Nf3 g5 14. c4 Nf4 15. Bf1 g4 16. d4 gxf3 17. Qxf3 Ne6 18. Qc3 Nxd4 19. c5 Be5 20. Qxa5 f4 21. Nd2 Bf5 22. Nc4 Nf3+ 23. gxf3 Qg5+ 24. Kh1 Rf7 25. Bh3 Rg7 26. Bxf4 Qxf4 27. Nxe5 Bxh3 28. Qc3 Bg2+ 29. Kg1 Bxf3+ 30. Kf1 0-1

[Event "1st SOA-GM Festival 2024"]
[Site "Bhubaneswar"]
[Date "2024.02.01"]
[Round "6.10"]
[White "Nithin Babu"]
[Black "Shahil Dey"]
[Result "0-1"]
[WhiteElo "2177"]
[BlackElo "2363"]
[PlyCount "58"]
[EventDate "2024.02.01"]
[EventType "swiss"]
[EventCountry "IND"]
[TimeControl "5400+30"]

1. e4 c5 2. Nf3 d6 3. d4 cxd4 4. Qxd4 Nf6 5. Be2 Nc6 6. Qe3 g6 7. c4 Bg4 8. O-O h5 9. Ng5 Bg7 10. Nc3 Rc8 11. b3 Bxe2 12. Qxe2 Nh7 13. Qf3 Ne5 14. Qh3 Qd7 15. Qg3 h4 16. Qxh4 Qg4 17. Qg3 Qxg3 18. hxg3 Ng4 19. Nxf7 Kxf7 20. Bd2 Bd4 21. Rad1 Nhf6 22. Ne2 Bb6 23. Nf4 Nxe4 24. Nh3 Nxg3 25. Rfe1 Nxf2 26. Rf1 Ne2+ 27. Kh2 Ke8 28. Rxf2 Bxf2 29. Bg5 Rc5 0-1

[Event "1st SOA-GM Festival 2024"]
[Site "Bhubaneswar"]
[Date "2024.02.01"]
[Round "6.11"]
[White "Fawzy, Adham"]
[Black "Aakash Sharadchandra, Dalvi"]
[Result "1-0"]
[WhiteElo "2522"]
[BlackElo "2180"]
[PlyCount "71"]
[EventDate "2024.02.01"]
[EventType "swiss"]
[EventCountry "IND"]
[TimeControl "5400+30"]

1. e4 c5 2. Nf3 Nc6 3. Bb5 Nf6 4. Nc3 g6 5. O-O Bg7 6. Re1 O-O 7. e5 Ng4 8. Bxc6 dxc6 9. h3 Nh6 10. Ne4 b6 11. Ng3 Nf5 12. Nxf5 Bxf5 13. b3 Qc7 14. d3 Rad8 15. Bf4 h6 16. Qc1 g5 17. Bg3 Qc8 18. a4 Bg6 19. Nd2 f5 20. f4 gxf4 21. Bxf4 Kh7 22. Qd1 Rg8 23. Qf3 Bf7 24. Qf2 Bf8 25. Re3 Bd5 26. Rg3 Rxg3 27. Qxg3 Bg7 28. Qh4 Qd7 29. Re1 Rg8 30. Re2 Bf8 31. e6 Bxe6 32. Nf3 Rg6 33. Ne5 Qd4+ 34. Kh2 Rf6 35. Bg5 Qxh4 36. Bxh4 1-0

[Event "1st SOA-GM Festival 2024"]
[Site "Bhubaneswar"]
[Date "2024.02.01"]
[Round "6.12"]
[White "Elgabry, Mohsen"]
[Black "Sammed Jaykumar, Shete"]
[Result "0-1"]
[WhiteElo "2160"]
[BlackElo "2441"]
[PlyCount "94"]
[EventDate "2024.02.01"]
[EventType "swiss"]
[EventCountry "IND"]
[TimeControl "5400+30"]

1. b3 Nf6 2. Bb2 g6 3. Nf3 Bg7 4. e3 c5 5. c4 O-O 6. Be2 Nc6 7. O-O d6 8. d4 cxd4 9. Nxd4 Bd7 10. Nc3 Qa5 11. a3 Rfc8 12. Rc1 Rab8 13. Re1 a6 14. Bf1 Qd8 15. b4 b5 16. Nxc6 Bxc6 17. cxb5 axb5 18. Qd2 Ng4 19. Ne2 Ne5 20. Nd4 Bd7 21. Rxc8 Qxc8 22. Rc1 Qb7 23. Nb3 h5 24. Na5 Qe4 25. f3 Qf5 26. f4 Ng4 27. Bxg7 Kxg7 28. h3 Nf6 29. Qd4 Kg8 30. Bd3 Qe6 31. e4 Qa2 32. Rc7 Rd8 33. e5 Ne8 34. Rxd7 Rxd7 35. Bxb5 Rc7 36. Bxe8 Rc1+ 37. Kh2 Qb1 38. Kg3 Rf1 39. Qe3 d5 40. Nc6 Kf8 41. Bd7 Rd1 42. Qc5 Qe4 43. Qxe7+ Kg8 44. Qd8+ Kh7 45. Bg4 Qe1+ 46. Kh2 hxg4 47. hxg4 Rd3 0-1

[Event "1st SOA-GM Festival 2024"]
[Site "Bhubaneswar"]
[Date "2024.02.01"]
[Round "6.13"]
[White "John Veny Akkarakaran"]
[Black "Sidhant, Mohapatra"]
[Result "1-0"]
[WhiteElo "2112"]
[BlackElo "2421"]
[PlyCount "103"]
[EventDate "2024.02.01"]
[EventType "swiss"]
[EventCountry "IND"]
[TimeControl "5400+30"]

1. e4 c5 2. Nf3 d6 3. d4 cxd4 4. Nxd4 Nf6 5. Nc3 a6 6. Be2 e5 7. Nb3 Be7 8. O-O O-O 9. Qd3 Qc7 10. Bd2 Nbd7 11. a4 b6 12. Rfd1 Bb7 13. Be3 Rac8 14. Rd2 h6 15. f3 Rcd8 16. Bf1 Nc5 17. Qc4 Qb8 18. Nxc5 dxc5 19. Rad1 Rxd2 20. Rxd2 Rd8 21. Qb3 Rd5 22. Qc4 Rd8 23. Qb3 Rxd2 24. Bxd2 Qd8 25. Be3 Ne8 26. Bc4 Nd6 27. Bd5 Bg5 28. Bf2 Bd2 29. Bxb7 Nxb7 30. Nd5 Ba5 31. Qd3 Qa8 32. Bg3 f6 33. c3 b5 34. axb5 axb5 35. Qxb5 Kh7 36. h4 Qc8 37. Kh2 c4 38. Ne3 Bd8 39. Nxc4 Be7 40. b4 Bf8 41. Qd5 Qc7 42. Bf2 Nd6 43. Nxd6 Bxd6 44. b5 Ba3 45. Qb3 Bc1 46. b6 Qb7 47. c4 Qd7 48. Qc2 Ba3 49. c5 Qc6 50. Qc4 Bb2 51. Qb3 Bd4 52. b7 1-0

[Event "1st SOA-GM Festival 2024"]
[Site "Bhubaneswar"]
[Date "2024.02.01"]
[Round "6.14"]
[White "Vrashank Chouhan"]
[Black "Namitbir Singh Walia"]
[Result "1-0"]
[WhiteElo "2046"]
[BlackElo "2408"]
[PlyCount "59"]
[EventDate "2024.02.01"]
[EventType "swiss"]
[EventCountry "IND"]
[TimeControl "5400+30"]

1. d4 Nf6 2. c4 g6 3. Nc3 d5 4. cxd5 Nxd5 5. e4 Nxc3 6. bxc3 Bg7 7. Bc4 c5 8. Ne2 Nc6 9. Be3 O-O 10. O-O Bg4 11. f3 Bd7 12. Rb1 Qc7 13. Bf4 e5 14. Bg3 cxd4 15. cxd4 Rac8 16. Bd5 Nxd4 17. Nxd4 Qc5 18. Bxb7 Rcd8 19. Rc1 Qb4 20. Qb3 Qxd4+ 21. Bf2 Qd2 22. Rfd1 Qe2 23. Bd5 Bh6 24. Bc4 Be6 25. Bxe2 Bxb3 26. axb3 Bxc1 27. Rxc1 Rd2 28. Bc4 Kg7 29. Bd5 a5 30. Bb6 1-0